 Dungeon Crawl Stone Soup version 0.30-a0-4-ga7cffc901d (webtiles) character file.

Game seed: 7867940191055610222

149 Setbun the Sneak (level 5, -6/30 HPs)
             Began as a Kobold Enchanter on Aug 20, 2022.
             Killed from afar by Duvessa (7 damage)
             ... with a puff of flame
             ... on level 4 of the Dungeon.
             The game lasted 00:03:00 (3558 turns).

Setbun the Sneak (Kobold Enchanter)                 Turns: 3558, Time: 00:03:01

Health: -6/30      AC:  2    Str:  6    XL:     5   Next: 56%
Magic:  0/9        EV: 15    Int: 16    God:
Gold:   103        SH:  0    Dex: 17    Spells: 6/9 levels left

rFire   . . .      SeeInvis .    l - +0 dagger (flame)
rCold   . . .      Faith    .    (no shield)
rNeg    . . .      Spirit   +    b - +0 robe
rPois   .          Reflect  .    (no helmet)
rElec   .          Harm     .    (no cloak)
rCorr   .          Rampage  .    (no gloves)
Will    .....                    (no boots)
Stlth   ++++......               d - amulet of guardian spirit
HPRegen 0.10/turn                (no ring)
MPRegen 0.11/turn                (no ring)

@: lethally poisoned (-6 -> -13)
A: small, no large weapons, nightstalker 3
a: no special abilities


You were on level 4 of the Dungeon.
You visited 1 branch of the dungeon, and saw 4 of its levels.

You collected 103 gold pieces.

Inventory:

Hand Weapons
 a - a +1 dagger
 l - a +0 dagger of flaming (weapon)
Armour
 b - a +0 robe (worn)
Jewellery
 d - an amulet of guardian spirit (around neck)
 p - an amulet of magic regeneration
 r - an amulet of faith
 s - a ring of flight
Scrolls
 f - a scroll of amnesia {unknown}
 g - 2 scrolls of enchant weapon {unknown}
 h - a scroll of vulnerability {unknown}
 i - 3 scrolls of fear {unknown}
 k - a scroll of immolation {unknown}
 m - a scroll of teleportation {unknown}
 q - 2 scrolls of identify {unknown}
Potions
 c - 2 potions of invisibility
 e - a potion of haste {unknown}
 j - 6 potions of curing {unknown}
 n - a potion of brilliance {unknown}
 o - a potion of heal wounds {unknown}
 t - a potion of attraction {unknown}
 u - a potion of might {unknown}
 v - a potion of ambrosia {unknown}
 w - a potion of lignification {unknown}


   Skills:
 + Level 1.6 Fighting
 + Level 2.6 Short Blades
 + Level 3.2 Dodging
 * Level 5.7 Stealth
 + Level 2.8 Spellcasting
 + Level 3.4 Hexes


You had 6 spell levels left.
You knew the following spells:

 Your Spells              Type           Power      Damage    Failure   Level
a - Confusing Touch       Hex            13%        N/A       14%         3

Your spell library contained the following spells:

 Spells                   Type           Power      Damage    Failure   Level
 Ensorcelled Hibernation  Hex/Ice        14%        N/A       14%         2
 Tukima's Dance           Hex            13%        N/A       14%         3
 Magic Dart               Conj           8%         1d3       19%         1
 Call Imp                 Summ           2%         N/A       28%         2
 Sublimation of Blood     Necr           2%         N/A       28%         2
 Wereblood                Tmut           2%         N/A       28%         2
 Dazzling Flash           Conj/Hex       14%        N/A       28%         3
 Portal Projectile        Hex/Tloc       14%        N/A       28%         3
 Mephitic Cloud           Conj/Pois/Air  2%         N/A       50%         3
 Blade Hands              Tmut           1%         N/A       99%         5
 Summon Hydra             Summ           1%         N/A       100%        7


Dungeon Overview and Level Annotations

Branches:
Dungeon (4/15)
 Temple: D:4-7

Altars:
Hepliaklqana

Shops:
D:2 ?   D:3 =

Annotations:
D:4 Dowan, Duvessa


Innate Abilities, Weirdness & Mutations

You are small and have problems with some larger weapons.
You are completely attuned to the shadows.


Message History

Dowan shouts!
You closely miss Dowan. Duvessa misses you.
Dowan casts a spell.
Dowan blinks!
You hit Duvessa but do no damage.
Duvessa is almost dead.
Dowan points at you and mumbles some strange words.
You resist with some effort.
Duvessa zaps a wand.
The puff of flame misses you.
You hit Duvessa. You burn Duvessa.
Duvessa is almost dead.
You hear the brisk hiss of a distant avalanche of sand.
Duvessa zaps a wand.
The puff of flame hits you!
You hit Duvessa. You burn Duvessa.
Duvessa is almost dead.
You hit Duvessa but do no damage.
Duvessa is almost dead.
Duvessa zaps a wand.
The puff of flame hits you!
You hit Duvessa but do no damage.
Duvessa is almost dead.
Duvessa zaps a wand.
The puff of flame misses you. Dowan hits you with a +0 dagger.
You hit Duvessa but do no damage.
Duvessa is almost dead.
Dowan misses you.
Duvessa zaps a wand.
The puff of flame hits you.
* * * LOW HITPOINT WARNING * * *
You closely miss Duvessa.
Duvessa is almost dead.
Dowan closely misses you. Duvessa misses you.
You hit Duvessa but do no damage.
Duvessa is almost dead.
Dowan barely misses you.
Duvessa hits you with a +4 short sword of venom!
* * * LOW HITPOINT WARNING * * *
You are lethally poisoned!
You barely miss Duvessa.
Duvessa is almost dead.
* * * LOW HITPOINT WARNING * * *
You feel sick. Dowan hits you with a +0 dagger.
Duvessa zaps a wand.
The puff of flame hits you!
You die...

... #.# ...##.# #.
...#.#.# #.
#...#.##.#
.##.########.).#.##.#
.............#.#.##.#
....@e.$.....#...##.#
.....e.......##...#.#
?....................
.............######..
###......#..... .....
....##...# ##### ..
.... .... #### #


You could see Duvessa and Dowan.

Vanquished Creatures
  A phantom (D:3)
  Jessica (D:2)
  An adder (D:3)
  2 dart slugs
  An orc (D:3)
  5 ball pythons
  5 endoplasms
  2 giant cockroaches (D:1)
  2 goblins
  2 hobgoblins
  A quokka (D:2)
  A bat (D:1)
  2 frilled lizards
  7 kobolds
  4 rats
37 creatures vanquished.

Notes
Turn   | Place    | Note
-------+----------+-------------------------------------------
     0 | D:1      | Setbun the Kobold Enchanter began the quest for the Orb.
     0 | D:1      | Reached XP level 1. HP: 10/10 MP: 3/3
   586 | D:1      | Reached XP level 2. HP: 15/15 MP: 5/5
  1133 | D:1      | Reached XP level 3. HP: 20/20 MP: 6/6
  1137 | D:1      | Learned a level 3 spell: Confusing Touch
  1642 | D:2      | Found Keece's Magic Scroll Shoppe.
  1682 | D:2      | Noticed Jessica
  1699 | D:2      | Killed Jessica
  1700 | D:2      | Reached skill level 1 in Fighting
  1700 | D:2      | Reached skill level 5 in Stealth
  1700 | D:2      | Reached XP level 4. HP: 3/25 MP: 1/7
  2213 | D:2      | Found a hazy altar of Hepliaklqana.
  2346 | D:3      | Found Geijiuxe's Jewellery Emporium.
  2617 | D:3      | Identified the +1 leather armour "Bikeuwn" {Rampage}
  3303 | D:4      | Noticed a phantom
  3324 | D:3      | Killed a phantom
  3325 | D:3      | Reached XP level 5. HP: 12/30 MP: 1/9
  3543 | D:4      | Noticed Duvessa
  3544 | D:4      | Noticed Dowan
  3558 | D:4      | HP: 1/30 [poisoned by Duvessa]
  3558 | D:4      | Killed from afar by Duvessa

Illustrated notes

Levels and vault maps discovered:
D:1:      scummos_arrival_forest, layout_loops_ring, minivault_19
D:2:      layout_loops_ring, basic_altar, serial_shops,
          nicolae_shop_hallway_stairs, uniq_jessica
D:3:      layout_loops_ring, serial_shops, nicolae_shop_statue_plus,
          small_statue_intersection, minmay_stone_trees_medium,
          chequers_serial_rivers_micro_d
D:4:      layout_basic, lemuel_crystal_altar, cheibriados_altar_1,
          nicolae_ossuary_entry_catacombs, uniq_ijyb, uniq_duvessa

Skill      XL: |  1  2  3  4 |
---------------+-------------+-----
Fighting       | 1 |  1.6
Short Blades   | 2 |  2.6
Stealth        | 5 |  5.7
Dodging        | 3 |  3.2
Spellcasting   | |  2.8
Hexes          | |  3.4

Action                   |  1- 3 |  4- 6 || total
-------------------------+-------+-------++-------
Melee: Dagger            |    47 |    48 ||    95
 Cast: Confusing Touch   |       |     1 ||     1
 Stab: Sleeping          |    13 |     6 ||    19
       Confused          |       |     2 ||     2
Armor: Robe              |     1 |     3 ||     4
Dodge: Dodged            |    13 |    36 ||    49

Table legend: (Time is in decaauts)
 A = Elapsed time spent in this place.
 B = Non-inter-level travel time spent in this place.
 C = Inter-level travel time spent in this place.
 D = Time resting spent in this place.
 E = Time spent auto-exploring this place.
 F = Levels seen in this place.
 G = Mean time per level.
                   A        B        C        D        E       F      G
               +--------+--------+--------+--------+--------+-----+--------+
         Total |   3548 |   3488 |     60 |    859 |   2331 |   4 |  887.0 |
       Dungeon |   3548 |   3488 |     60 |    859 |   2331 |   4 |  887.0 |
               +--------+--------+--------+--------+--------+-----+--------+

Top non-repeatable levels by time:
     D:1: 1226 daAuts
     D:3: 1172 daAuts
     D:2: 1068 daAuts
     D:4: 81 daAuts
